Cogmind - Beta 11 @@@ ROGUE MODE // 2022.04.19 @ 16:13:02 Player: JuliaScythe Result: Self-destructed Performance ------------- Evolutions (1) 500 Regions Visited (2) 400 Robots Destroyed (11) 55 Value Destroyed (115) 115 Prototype IDs (0) 0 Alien Tech Used (0) 0 Bonus (0) 0 TOTAL SCORE: 1070 Bonus ------- None Cogmind --------- Core Integrity 287/400 Matter 173/300 Energy 99/100 System Corruption 0% Temperature Cool (0) Movement Core (50) Location -9/Materials Parts ------- > --- POWER (1) -------- (None) > --- PROPULSION (3) --- (None) > --- UTILITY (3) ------ Seismic Detector > --- WEAPON (2) ------- Light Assault Rifle > --- INVENTORY (5) ---- Improved Ion Engine Terrain Scanner Shotgun Mini Grenade Launcher Peak State ------------ > --- POWER ------------ Light Ion Engine > --- PROPULSION ------- VTOL Module VTOL Module VTOL Module > --- UTILITY ---------- Seismic Detector > --- WEAPON ----------- Light Assault Rifle Shotgun > --- INVENTORY -------- Improved Ion Engine [Rating: 11] Favorites ----------- Power Light Ion Engine Engine Light Ion Engine Propulsion VTOL Module Leg Aluminum Leg Flight Unit VTOL Module Utility Seismic Detector Device Seismic Detector Storage Small Storage Unit Weapon Shotgun Ballistic Gun Shotgun Build | -11 -10 -9 ------- Run | Scr Mat Mat Slots Evolved 2 | . . 2 Power . | . . . Propulsion 1 | . . 1 Utility 1 | . . 1 Weapon . | . . . Parts Attached 12 | . 10 2 Power 4 | . 4 . Engine 4 | . 4 . Core . | . . . Reactor . | . . . Propulsion 4 | . 3 1 Treads . | . . . Leg . | . . . Wheel . | . . . Hover . | . . . Flight 4 | . 3 1 Utility 1 | . 1 . Device 1 | . 1 . Storage . | . . . Processor . | . . . Hackware . | . . . Protection . | . . . Artifact . | . . . Weapon 3 | . 2 1 Energy Gun . | . . . Energy Cannon . | . . . Ballistic Gun 3 | . 2 1 Ballistic Cannon . | . . . Launcher . | . . . Special Weapon . | . . . Impact Weapon . | . . . Slashing Weapon . | . . . Piercing Weapon . | . . . Special Melee Weapon . | . . . Unidentified Prototypes . | . . . Parts Lost 6 | . 2 4 Power 2 | . 1 1 Propulsion 4 | . 1 3 Utility . | . . . Weapon . | . . . Highest Loss Streak 4 | . 2 4 To Critical Strikes . | . . . Average Slot Usage (%) 63 | . 62 64 Engine 11 | . 13 9 Leg 1 | . 3 . Flight 27 | . 23 29 Device 8 | . 3 11 Ballistic Gun 15 | . 15 14 Naked Turns . | . . . Heaviest Build 13 | 13 13 8 Greatest Support 20 | 20 20 12 Greatest Overweight (x) 3 | . 3 . Average Overweight (x) . | . . . Largest Inventory Capacity 8 | . 8 5 Average Capacity 5 | . 5 5 Most Carried 8 | . 8 4 Average Carried 3 | . 4 2 Final Capacity 8 | 8 5 5 Final Carried 6 | 6 3 4 Class Distribution -------------------- 80% | Sprinter 19% | Mutant Dominant Class ---------------- Sprinter | -10/Materials Sprinter | -9/Materials Resources | -11 -10 -9 ----------- Run | Scr Mat Mat Matter Collected 257 | 200 38 19 Remotely . | . . . Salvage Created 246 | . 229 17 Parts 22 | . 20 2 Haulers Intercepted 2 | . 2 . Recyclers Shooed . | . . . Parts Field Recycled . | . . . Retrieved Matter . | . . . Parts Self-Destructed . | . . . Prevented . | . . . Kills | -11 -10 -9 ------- Run | Scr Mat Mat Combat Hostiles Destroyed 8 | . 7 1 Guns 8 | . 7 1 Classes Destroyed 4 | . 4 . Tunneler 1 | . 1 . Hauler 2 | . 2 . Swarmer 7 | . 6 1 Grunt 1 | . 1 . Best Kill Streak 9 | . 9 1 Combat Bots Only 6 | . 6 1 Max Kills in Single Turn 1 | . 1 1 Gunslinging . | . . . Exploded . | . . . Melee . | . . . Uniques/NPCs Destroyed . | . . . Combat | -11 -10 -9 -------- Run | Scr Mat Mat Damage Taken 486 | . 185 301 Core 157 | . 44 113 Absorbed by Shields . | . . . Core Remaining (%) 91 | 100 82 . Volleys Fired 23 | . 21 2 Largest 2 | . 1 2 Hottest 43 | . 23 43 Shots Fired 25 | . 21 4 Gun 25 | . 21 4 Cannon . | . . . Launcher . | . . . Special . | . . . Kinetic 25 | . 21 4 Thermal . | . . . Explosive . | . . . Electromagnetic . | . . . Robot Hit Streak 6 | . 6 1 Robot Miss Streak 5 | . 5 4 Penetration Max . | . . . Secondary Targets . | . . . Shots Hit Robots 19 | . 17 2 Core Hits 14 | . 13 1 Critical Kills . | . . . Critical Parts Destroyed . | . . . Critical Strikes . | . . . Melee Attacks . | . . . Impact . | . . . Slashing . | . . . Piercing . | . . . Sneak Attacks . | . . . Combat Hostiles . | . . . Follow-up Attacks . | . . . Damage Inflicted 277 | . 261 16 Guns 277 | . 261 16 Cannons . | . . . Explosions . | . . . Melee . | . . . Ramming . | . . . Kinetic 277 | . 261 16 Thermal . | . . . Explosive . | . . . Electromagnetic . | . . . Impact . | . . . Slashing . | . . . Piercing . | . . . Highest Corruption . | . . . Average Corruption . | . . . Corruption Purged . | . . . Corruption Blocked . | . . . Overload Shots . | . . . Overflow Damage . | . . . Projectiles . | . . . Explosions . | . . . Melee . | . . . Knockbacks . | . . . Impact . | . . . Kinetic . | . . . Secondary . | . . . Self-Inflicted Damage . | . . . Shots . | . . . Rammed . | . . . Targets Rammed . | . . . Kicked . | . . . Crushed . | . . . Highest Temperature 2 | . . 2 Average Temperature 1 | . . 1 Received Heat Transfer 75 | . . 75 Siege Activations . | . . . Robots Corrupted . | . . . Combat Hostiles . | . . . Parts Fried . | . . . Impact Corruptions . | . . . Robots Melted . | . . . Combat Hostiles . | . . . Parts Melted . | . . . Heat Transferred . | . . . Parts Sabotaged . | . . . Parts Stolen . | . . . Parts Stripped . | . . . Power Chain Reactions . | . . . Missiles Intercepted . | . . . Alert | -11 -10 -9 ------- Run | Scr Mat Mat Peak Influence 324 | . 224 324 Initial 94 | . . 94 Average 125 | . 63 170 Maximum Alert Level 1 | . 1 1 Low Security (%) 78 | . 90 69 Level 1 21 | . 9 30 Level 2 . | . . . Level 3 . | . . . Level 4 . | . . . Level 5 . | . . . High Security . | . . . Max Security . | . . . Squads Dispatched 2 | . 1 1 Investigation . | . . . Extermination . | . . . Reinforcement 2 | . 1 1 Assault . | . . . Garrison . | . . . Intercept . | . . . Searches Triggered . | . . . Construction Impeded . | . . . Haulers Reinforced . | . . . Active Scanning Responses . | . . . Cargo Convoy Interrupts . | . . . Stealth | -11 -10 -9 --------- Run | Scr Mat Mat Distress Signals . | . . . Communications Jammed . | . . . Distress Signals . | . . . Times Spotted 32 | . 10 22 Peak Tracking Total 12 | . 7 12 Tactical Retreats 4 | . 1 3 Traps | -11 -10 -9 ------- Run | Scr Mat Mat Traps Triggered 2 | . 2 . Indirectly . | . . . Trap Hack Attempts . | . . . Triggered . | . . . Disarmed . | . . . Reprogrammed . | . . . Reused . | . . . Traps Extracted . | . . . Installed . | . . . Triggered . | . . . Machines | -11 -10 -9 ---------- Run | Scr Mat Mat Machines Disabled . | . . . Max in Single Turn . | . . . Machines Sabotaged . | . . . Garrisons Compromised . | . . . Overloaded Fab Kills . | . . . Hacking | -11 -10 -9 --------- Run | Scr Mat Mat Machines Accessed 4 | . 3 1 Terminals 4 | . 3 1 Fabricators . | . . . Repair Stations . | . . . Recycling Units . | . . . Scanalyzers . | . . . Garrison Access . | . . . Total Hacks 15 | . 11 4 Successful 6 | . 5 1 Failed 9 | . 6 3 Catastrophic 1 | . . 1 Database Lockouts . | . . . Manual 10 | . 6 4 Terminals 15 | . 11 4 Fabricators . | . . . Repair Stations . | . . . Recycling Units . | . . . Scanalyzers . | . . . Garrison Access . | . . . Terminal Hacks 4 | . 3 1 Record 1 | . 1 . Recall Reinforcements 1 | . . 1 Hauler Manifests 1 | . 1 . Zone Layout 1 | . 1 . Fabricator Hacks . | . . . Repair Station Hacks . | . . . Recycling Unit Hacks . | . . . Scanalyzer . | . . . Garrison Access Hacks . | . . . Unauthorized Hacks 2 | . 2 . Terminals 2 | . 2 . Botnet 2 | . 2 . Fabricators . | . . . Repair Stations . | . . . Recycling Units . | . . . Scanalyzers . | . . . Garrison Access . | . . . Data Cores Recovered . | . . . Used . | . . . Hacking Detections 4 | . 3 1 Full Trace Events . | . . . Feedback Events . | . . . Feedback Blocked . | . . . Robot Schematics Acquired . | . . . Robots Built . | . . . Authchips . | . . . Time . | . . . Total Robot Build Rating . | . . . Part Schematics Acquired . | . . . Parts Built . | . . . Authchips . | . . . Time . | . . . Total Part Build Rating . | . . . Parts Repaired . | . . . Time . | . . . Parts Recycled . | . . . Recycled Matter . | . . . Retrieved Matter . | . . . Retrieved Components . | . . . Parts Scanalyzed . | . . . Part Schematics Acquired . | . . . Parts Damaged . | . . . Bothacking | -11 -10 -9 ------------ Run | Scr Mat Mat Used RIF Installer . | . . . Robots Hacked . | . . . Non-combat . | . . . Combat . | . . . Robot Hacks Applied . | . . . Relay Couplers Released . | . . . Fabnet Peak Effective % . | . . . Robots Rewired . | . . . Allies Hacked . | . . . Hacks Repelled . | . . . Allies | -11 -10 -9 -------- Run | Scr Mat Mat Total Allies . | . . . Largest Group . | . . . Highest-Rated Group . | . . . Highest-Rated Ally . | . . . Total Orders . | . . . Ally Attacks . | . . . Total Damage . | . . . Kills . | . . . Allies Corrupted . | . . . Allies Melted . | . . . Intel | -11 -10 -9 ------- Run | Scr Mat Mat Robot Analysis Total . | . . . Derelict Logs Recovered . | . . . Drone Launches . | . . . Drone Recoveries . | . . . Exploration | -11 -10 -9 ------------- Run | Scr Mat Mat Turns Passed 401 | . 167 234 Spaces Moved 558 | 1 220 337 Core 16 | . . 16 Treads . | . . . Legs 18 | 1 17 . Wheels . | . . . Hover . | . . . Flight 524 | . 203 321 Fastest Speed 29 | 120 32 29 Average Speed 34 | 120 39 31 Slowest Speed 275 | 120 275 50 Overloaded Moves . | . . . Propulsion Burnouts . | . . . Robots Hopped 7 | . . 7 Cave-ins Triggered . | . . . Exploration Rate (%) 33 | 2 52 46 Regions Visited 2 Branch Regions . Pre-discovered Areas . | . . . Known Exits Taken . | . . . Unknown Exits Taken 2 | 1 1 . Scrap Searched . | . . . Spaces Dug . | . . . Terrain Destroyed . | . . . Melee . | . . . Projectile . | . . . AOE . | . . . Terrain Rammed . | . . . Walls Destroyed . | . . . Machines Disabled . | . . . Actions | -11 -10 -9 --------- Run | Scr Mat Mat Total 737 | . 281 456 Wait 135 | . 16 119 Move 543 | . 219 324 Hop 6 | . . 6 Pick Up 4 | . 2 2 Fast Attach 5 | . 5 . Attach 5 | . 3 2 Detach 7 | . 6 1 Swap 2 | . 2 . Drop 7 | . 7 . Fire 23 | . 21 2 Melee . | . . . Ram . | . . . Kick . | . . . Crush . | . . . Escape Stasis . | . . . Rewire . | . . . Trap . | . . . Miscellaneous . | . . . Route ------- -11/Scrapyard -10/Materials (discovered 2 exits: *Mat x2) -9/Materials History --------- Turn | Location | Event 1 | -11/Scrapyard | Discovered new exit (range 0) 1 | -11/Scrapyard | Entered Materials 114 | -10/Materials | Discovered new exit (range 16) 164 | -10/Materials | Discovered new exit (range 9) 168 | -10/Materials | Entered another Materials area 168 | -9/Materials | Evolved 2 slots: Propulsion x1, Utility x1 402 | -9/Materials | Self-destructed Last Messages --------------- M012. 00300_ S-10 Pest destroyed. 00310_ T-07 Excavator is excavating. 00311_ Connecting with Terminal... 00311_ Current location identified: Materials >>Recall(Reinforcements) Establishing remote squad link... Recalled reinforcement squad 15G4ZX689R. 00323_ T-07 Excavator is excavating. 00328_ Acquired Terrain Scanner. 00331_ T-07 Excavator is excavating. 00366_ VTOL Module destroyed. 00371_ Lgt. Ion Engine destroyed. 00375_ T-07 Excavator is excavating. 00377_ VTOL Module destroyed. 00379_ T-07 Excavator is excavating. 00384_ Acquired Mni. Grenade Launcher. 00385_ S-10 Pest destroyed. 00394_ Acquired 19 matter. 00394_ VTOL Module destroyed. Map ----- +----------------------------------------------------+ | | | ?????????????????????????????????????????????????? | | ?????????????????????????????????????????????????? | | ?????????????????????????????????????????????????? | | ?????????????????????????????????????????????????? | | ?????????????????????????????????????????????????? | | ?????????????????????????????????????????????????? | | ?????????????????????????????????????????????????? | | ?????????????????????????????????????????????????? | | ?????????????????????????????????????????????????? | | ?????????????????????????????????????????????????? | | ?????????????????????????????????????????????????? | | ?????????????????????????????????????????????????? | | ?????????????????????????????????????????????????? | | ?????????????????????????????????????????????????? | | ?????????????????????????????????????????????????? | | ?????????????????????????????????????????????????? | | ?????????????????????????????????????????????????? | | ?????????????????????????????????????????????????? | | ?????????????????????????????????????????????????? | | ?????????????????????????????????????????????????? | | ????????????????????###########??????????????????? | | ????????????????????# #??????????????????? | | ????????????????????# #??????????????????? | | ????????????????????# #??????????????????? | | ????????????????????# @ #??????????????????? | | ??????????###############/#####??????????????????? | | ??????????# + #####??????????????????? | | ??????????# ### # #??????????????????? | | ??????????# #?# #??????????????????? | | ??????????# #?# #####??????????????????? | | ??????????# ]= #?# !!#??????????????????? | | ##????????# = #?# u !!#??????????????????? | | ????????# == #?# !!#??????????????????? | | ???????# #?# !!#??????????????????? | | " ?###########+#####?# !!#??????????????????? | | " # #?# #####gg !!#??????????????????? | | " # ### = g #####??????????????????? | | " + =% [ #??????????????????????? | | " ! # ### #??????????????????????? | | # #?# ##### #??????????????????????? | | ?###+###?#######???# #??????????????????????? | | / ?? ????????????# #??????????????????????? | | ??# """#??????????# #??????????????????????? | | ##??# ! """########???# #??????????????????????? | | ????# """## ??# #??????????????????????? | | ????# ## ?## ##?????????????????????? | | ????#! * ## # #######+##????????????? | | ????######### # ???????????? | | ????????????# + ??????????? | +----------------------------------------------------+ Best States ------------- Heat Dissipation 28 Energy Generation 10 Energy Capacity 250 Matter Stores 300 Matter Capacity 300 Sight Range 16 Terrain Scan Density 10 Evasion (%) 64 Item Schematics ----------------- None Robot Schematics ------------------ None Fabricated ------------ Nothing Alien Tech Used ----------------- None Achievements -------------- None Challenges ------------ None Game ------ Seed XenonHackingAccelerator Manual? 0 Play Time 00:07:32 Cumulative 116.0 hours Start 2022.04.19 @ 16:04:36 End 2022.04.19 @ 16:13:02 Sessions 1 Manual Loads 0 Difficulty Rogue Special Mode None Game No. 213 Rogue 210 Adventurer 1 Explorer 2 Win Type - Total 4 Types 4/0/0/0/0/0/0/0/0 Lore% 61 Gallery% 60 Achievement% 53 Wizard Run 0 Options --------- ASCII 0 Keyboard 1 Movement Numpad Keybinds 0 Fullscreen 2 Font 18/Terminus Map View 76x50 Tactical HUD 1 Map Filters NONE Filters NONE Steam 1 RUN: e6d3e42f-d69d-45b6-a221-7b22e1291ff5